 Dungeon Crawl Stone Soup version 0.22-a0-160-gcc81d7a (webtiles) character file.

149 Borgoz the Skirmisher (level 5, -11/47 HPs)
             Began as a Hill Orc Abyssal Knight on Feb 10, 2018.
             Was a Believer of Lugonu.
             Mangled by a gnoll
             ... wielding a +0 halberd
              (12 damage)
             ... on level 3 of the Dungeon.
             The game lasted 00:03:30 (3238 turns).

Borgoz the Skirmisher (Hill Orc Abyssal Knight)     Turns: 3238, Time: 00:03:31

Health: -11/47     AC:  3    Str: 15    XL:     5   Next: 31%
Magic:  7/7        EV: 11    Int: 12    God:    Lugonu [**....]
Gold:   106        SH:  0    Dex: 11    Spells: 4/4 levels left

rFire    . . .     SeeInvis .   a - +1 hand axe
rCold    . . .     Gourm    .   (no shield)
rNeg     . . .     Faith    .   b - +0 leather armour
rPois    .         Spirit   .   (no helmet)
rElec    .         Reflect  .   (no cloak)
rCorr    .         Harm     .   (no gloves)
MR       .....                  (no boots)
Stlth    +.........             (no amulet)
HPRegen  0.15/turn              (no ring)
MPRegen  0.10/turn              (no ring)

@: no status effects
A: no striking features
a: Depart the Abyss, Bend Space, Renounce Religion


You were on level 3 of the Dungeon.
You worshipped Lugonu.
Lugonu was pleased with you.
You were hungry.

You visited 1 branch of the dungeon, and saw 3 of its levels.
You visited the Abyss 1 time.

You collected 106 gold pieces.

Inventory:

Hand Weapons
 a - a +1 hand axe (weapon)
Armour
 b - a +0 leather armour (worn)
Wands
 p - a wand of digging (11)
Scrolls
 e - a scroll of amnesia {unknown}
 g - a scroll of noise {unknown}
 h - a scroll of enchant weapon {unknown}
 k - 3 scrolls of identify {unknown}
 l - a scroll of blinking {unknown}
 m - a scroll of random uselessness {unknown}
 n - a scroll of remove curse {unknown}
 r - a scroll of enchant armour {unknown}
Potions
 d - a potion of heal wounds {unknown}
 f - a potion of flight {unknown}
 i - a potion of mutation {unknown}
 j - a potion of agility {unknown}
 o - a potion of resistance {unknown}
Comestibles
 c - 2 rations


   Skills:
 + Level 4.8 Fighting
 + Level 4.5 Axes
 + Level 3.3 Armour
 + Level 1.5 Dodging
 + Level 2.9 Invocations


You had 4 spell levels left.
You didn't know any spells.

Dungeon Overview and Level Annotations

Branches:
Dungeon (3/15)

Altars:
Makhleb


Message History

You hit the gnoll but do no damage.
The gnoll is heavily wounded.
The gnoll misses you. The gnoll hits you with a whip.
You hit the gnoll.
The gnoll is heavily wounded.
You are feeling hungry.
The gnoll hits you with a whip.
The gnoll hits you from afar with a halberd.
The gnoll completely misses you.
You slash the gnoll!
You kill the gnoll!
Lugonu accepts your kill.
The gnoll hits you from afar with a halberd!
* * * LOW HITPOINT WARNING * * *
The gnoll hits you with a halberd!
* * * LOW HITPOINT WARNING * * *
Things that are here:
a whip; a gnoll corpse You hit the gnoll but do no damage.
The gnoll hits you with a halberd!
You die...

#>...................
#.###.#.######.......
#.###.#.######.......
#............'....... #
#####.#.######....... #.
#.#.######....... #.#####
#........'.......
###.....#####.######.......
#.....)).g@...# #.......
#.###....###### #.......
#....# #....... +....#
#....... #....# ########
#....# #....# #....# .. #
#....# ....###


You could see a gnoll.

Vanquished Creatures
  Jessica (D:2)
  Robin (D:2)
  3 gnolls (D:3)
  2 adders
  An ooze (D:2)
  A worm (D:2)
  2 leopard geckos
  3 giant cockroaches
  12 goblins
  8 hobgoblins
  2 quokkas (D:2)
  5 bats
  4 frilled lizards
  7 kobolds
  8 rats
60 creatures vanquished.

Notes
Turn   | Place    | Note
-------+----------+-------------------------------------------
     0 | Abyss:1  | Borgoz the Hill Orc Abyssal Knight began the quest for the Orb.
     0 | Abyss:1  | Reached XP level 1. HP: 19/19 MP: 2/2
    59 | Abyss:2  | Noticed a small abomination
    72 | Abyss:2  | Noticed a large abomination
    75 | D:1      | Escaped the Abyss
   413 | D:1      | Reached * piety under Lugonu
   526 | D:1      | Reached XP level 2. HP: 27/27 MP: 4/4
  1029 | D:1      | Reached skill level 1 in Dodging
  1243 | D:2      | Noticed Jessica
  1249 | D:2      | Killed Jessica
  1249 | D:2      | Reached XP level 3. HP: 33/34 MP: 5/5
  1297 | D:2      | Found a burning altar of Makhleb.
  1335 | D:2      | Reached XP level 4. HP: 37/41 MP: 6/6
  2071 | D:2      | Noticed Robin
  2078 | D:2      | Reached ** piety under Lugonu
  2083 | D:2      | Killed Robin
  2471 | D:2      | Found a faded altar of an unknown god.
  2978 | D:3      | Reached XP level 5. HP: 45/47 MP: 7/7
  3237 | D:3      | HP: 1/47 [gnoll/halberd (8)]
  3238 | D:3      | Mangled by a gnoll

Vault maps used:
D:1:      ncdulo_watergridlock
D:2:      nicolae_overflow_crystal_walls, chequers_ecumenical_altar_island,
          uniq_jessica, uniq_robin
Abyss:1:  hangedman_decor_lopped

Skill      XL: |  1  2  3  4 |
---------------+-------------+-----
Fighting       | 4 |  4.8
Axes           | 3 4 |  4.5
Dodging        | 1 |  1.5
Armour         | 3 |  3.3
Invocations    | |  2.9

Action                   |  1- 3 |  4- 6 || total
-------------------------+-------+-------++-------
Melee: Hand axe          |    83 |   123 ||   206
Invok: Depart the Abyss  |     1 |       ||     1
  Eat: Chunk             |     1 |     6 ||     7
Armor: Leather armour    |    17 |    18 ||    35
Dodge: Dodged            |    49 |    75 ||   124

Table legend:
 A = Spawn XP
 B = Non-spawn XP
 C = Spawn XP percentage of total XP
 D = Spawn monster count
 E = Non-spawn monster count
 F = Spawn count percentage of total count
 G = Total turns spent on level
                    A         B        C        D         E        F      G
               +---------+---------+-------+---------+---------+-------+---------
         Total |       0 |     214 |   0.0 |       0 |      60 |   0.0 |  3238
               +---------+---------+-------+---------+---------+-------+---------
           D:1 |       0 |      33 |   0.0 |       0 |      20 |   0.0 |  1159
           D:2 |       0 |     115 |   0.0 |       0 |      30 |   0.0 |  1288
           D:3 |       0 |      66 |   0.0 |       0 |      10 |   0.0 |   716
               +---------+---------+-------+---------+---------+-------+---------
